[Event "Titled Tuesday Blitz November 08 Early 2022"]
[White "Hajiyev, Kanan"]
[Black "Farmani Anosheh, Armin"]
[WhiteFideId "13404148"]
[BlackFideId "24613240"]
[WhiteElo "2118"]
[BlackElo "2289"]
[Result "0-1"]
[Round "09"]
[TimeControl "180+1"]
[Date "2022.11.09"]
[WhiteClock "0:00:11"]
[BlackClock "0:00:17"]

1. d4 Nf6 2. Nf3 e6 3. c4 Bb4+ 4. Bd2 c5 5. a3 Bxd2+ 6. Qxd2 cxd4 7. Nxd4 O-O 8. Nc3 d5 9. e3 Nc6 10. cxd5 Nxd5 11. Nxc6 bxc6 12. Be2 Rb8 13. O-O a5 14. Rfd1 Qb6 15. Rab1 h6 16. e4 Nf6 17. Bf3 e5 18. Qc2 Be6 19. Rdc1 Bb3 20. Qd2 Rfd8 21. Qe2 Rd4 22. h3 Rbd8 23. Qe3 c5 24. Ne2 Rd3 25. Qxc5 Rd1+ 26. Kh2 Qxc5 27. Rxc5 Rxb1 28. Rxe5 Rxb2 29. Rxa5 Nxe4 30. Rb5 Nd2 31. Bc6 Rb1 32. g4 Bc4 33. Rxb1 Nxb1 34. Ng3 Rd2 35. Kg1 Nxa3 36. Bf3 Bd5 37. Bxd5 Rxd5 38. Kg2 Nc4 39. h4 Nd6 40. h5 g6 41. Kf3 Kg7 42. hxg6 fxg6 43. Kf4 h5 44. Kf3 hxg4+ 45. Kxg4 Rd4+ 46. Kh3 Ra4 47. Kg2 Nf5 48. Kf3 Nxg3 49. Kxg3 Kf6 0-1


[Site "https://www.chess.com"]

[Event "Titled Tuesday Blitz November 08 Early 2022"]
[White "Harshavardhan G B"]
[Black "Shimanov, Aleksandr"]
[WhiteFideId "25059009"]
[BlackFideId "4198603"]
[WhiteElo "2333"]
[BlackElo "2605"]
[Result "1-0"]
[Round "09"]
[TimeControl "180+1"]
[Date "2022.11.08"]
[WhiteClock "0:00:08"]
[BlackClock "0:00:09"]

1. Nf3 d5 2. d4 Nf6 3. c4 e6 4. Nc3 h6 5. g3 Bd6 6. a3 Nc6 7. c5 Be7 8. b4 O-O 9. Bg2 b6 10. b5 Na5 11. c6 a6 12. a4 Nc4 13. Bd2 Bd6 14. O-O axb5 15. axb5 Rxa1 16. Qxa1 e5 17. dxe5 Nxe5 18. Rd1 Qe7 19. Be3 Nxf3+ 20. Bxf3 Be5 21. Qc1 Be6 22. Nxd5 Bxd5 23. Bxd5 Ng4 24. Bf3 Nxe3 25. Qxe3 Qf6 26. Rd7 Re8 27. Qb3 Re7 28. Qd5 g6 29. Kg2 Kg7 30. Be4 Bd6 31. Bd3 h5 32. h4 Qe5 33. Qxe5+ Rxe5 34. e4 Re7 35. Rd8 f6 36. f4 Bb4 37. Kf3 Be1 38. Bc4 Kh7 39. Rd7 Bb4 40. Rd8 Be1 41. Bd5 Kg7 42. Rg8+ Kh7 43. Ra8 Kg7 44. Ra3 Bb4 45. Ra4 Be1 46. Ra1 Bc3 47. Rc1 Bb4 48. g4 hxg4+ 49. Kxg4 Re8 50. Rg1 Ra8 51. f5 Ra3 52. fxg6 Bc5 53. Rg2 Kxg6 54. Kf4+ Kh6 55. Kf5 Bd4 56. Ke6 Be5 57. Kd7 Ra8 58. Bf7 Rh8 59. h5 Rh7 60. Ke6 Rg7 61. Rd2 Kg5 62. Rd8 Rh7 63. Rg8+ Kf4 64. Bg6 Rh6 65. Kf7 Kg5 66. Rd8 Kf4 67. Kg8 Kg5 68. Rd5 Rxg6+ 69. hxg6 Kxg6 70. Kf8 Kg5 71. Ke7 Kf4 72. Kd7 Kxe4 73. Rxe5+ Kxe5 74. Kxc7 f5 75. Kxb6 f4 76. c7 f3 77. c8=Q f2 78. Qc1 1-0


[Site "https://www.chess.com"]

[Event "Titled Tuesday Blitz November 08 Early 2022"]
[White "Hasangatin, Ramil"]
[Black "Rodriguez Fontecha, Marcos"]
[WhiteFideId "4122160"]
[BlackFideId "2256576"]
[WhiteElo "2680"]
[BlackElo "2507"]
[Result "0-1"]
[Round "09"]
[TimeControl "180+1"]
[Date "2022.11.09"]
[WhiteClock "0:00:24"]
[BlackClock "0:00:13"]

1. e4 e6 2. d3 d5 3. Qe2 Be7 4. Nf3 Nf6 5. g3 Nc6 6. e5 Nd7 7. Bg2 O-O 8. O-O f6 9. d4 fxe5 10. dxe5 Nc5 11. Ne1 Bd7 12. f4 Be8 13. Nd3 Bg6 14. Be3 Ne4 15. Nd2 Nxd2 16. Qxd2 Qe8 17. c3 Na5 18. Bd4 Qb5 19. Rfd1 c5 20. Bf2 Nc4 21. a4 Nxd2 22. axb5 Bxd3 23. Rxd2 Bxb5 24. b4 Rfc8 25. bxc5 Bxc5 26. Bd4 Bxd4+ 27. cxd4 Bc4 28. Rb2 b5 29. Ra6 Kf7 30. Bh3 Re8 31. Rb4 Re7 32. Kf2 Rc8 33. Ke3 g6 34. Bg4 h6 35. Bh3 g5 36. Bg4 gxf4+ 37. gxf4 Kg7 38. Bxe6 Rb8 39. Bg4 Rb6 40. Rxb6 axb6 41. f5 Ra7 42. Kf4 Ra1 43. f6+ Kg6 44. Bf5+ Kf7 45. Bd7 Rf1+ 46. Kg3 Rg1+ 47. Kf2 Rh1 48. Bxb5 Rxh2+ 49. Kg3 Rc2 50. Bxc4 Rxc4 51. Ra4 Rxa4 0-1


[Site "https://www.chess.com"]

[Event "Titled Tuesday Blitz November 08 Early 2022"]
[White "Hernandez Jimenez, Alexander Andres"]
[Black "Mills, Morgen"]
[WhiteFideId "3900452"]
[BlackFideId "2013304"]
[WhiteElo "2098"]
[BlackElo "2273"]
[Result "1-0"]
[Round "09"]
[TimeControl "180+1"]
[Date "2022.11.09"]
[WhiteClock "0:00:30"]
[BlackClock "0:00:01"]

1. e4 c6 2. d4 d5 3. exd5 cxd5 4. Bd3 Nc6 5. c3 Qc7 6. Ne2 Bg4 7. f3 Bd7 8. Bf4 e5 9. dxe5 Nxe5 10. Bc2 Nf6 11. O-O Bd6 12. Kh1 O-O 13. Nd2 Rfe8 14. Nd4 Nc4 15. Bxd6 Qxd6 16. Nxc4 dxc4 17. Qd2 Rad8 18. Rae1 Bc8 19. Rxe8+ Rxe8 20. Re1 Kf8 21. Rxe8+ Nxe8 22. Bxh7 g6 23. Qh6+ Ke7 24. h4 Qe5 25. f4 Qd5 26. f5 Bxf5 27. Qg5+ f6 28. Nxf5+ gxf5 29. Qxf5 Qd1+ 30. Kh2 Qd6+ 31. Kh3 Ng7 32. Qe4+ Qe6+ 33. Qxe6+ Nxe6 34. Be4 b5 35. Kg4 Nc5 36. Kf4 Na4 37. Bc6 Nxb2 38. Bxb5 Nd1 39. Bxc4 Nxc3 40. h5 Kf8 41. h6 Nd1 42. Kf5 Ne3+ 43. Kg6 1-0


[Site "https://www.chess.com"]

[Event "Titled Tuesday Blitz November 08 Early 2022"]
[White "Ibarra Jerez, Jose Carlos"]
[Black "Samunenkov, Ihor"]
[WhiteFideId "2226332"]
[BlackFideId "14187086"]
[WhiteElo "2638"]
[BlackElo "2441"]
[Result "1-0"]
[Round "09"]
[TimeControl "180+1"]
[Date "2022.11.08"]
[WhiteClock "0:00:34"]
[BlackClock "0:00:03"]

1. e4 c6 2. Nf3 d5 3. d3 Qc7 4. exd5 cxd5 5. c4 Nf6 6. Nc3 e6 7. g3 dxc4 8. dxc4 Bb4 9. Bf4 Qa5 10. Bd2 Qh5 11. Nb5 Bxd2+ 12. Nxd2 Qe5+ 13. Qe2 Qxe2+ 14. Bxe2 Na6 15. Bf3 Ke7 16. Nb3 Nd7 17. O-O-O Ne5 18. Be2 Bd7 19. f4 Nxc4 20. Bxc4 Rac8 21. Nd6 Rc6 22. Na5 Rxd6 23. Rxd6 Kxd6 24. Nxb7+ Kc7 25. Bxa6 Bc6 26. Rd1 Kb6 27. Nd8 Kxa6 28. Rd6 Kb5 29. a4+ Kb4 30. Nxc6+ Kc5 31. Rd8 1-0


[Site "https://www.chess.com"]

[Event "Titled Tuesday Blitz November 08 Early 2022"]
[White "Ilkhomi, Jaloliddin"]
[Black "Dehtiarov, Roman"]
[WhiteFideId "14700948"]
[BlackFideId "14186640"]
[WhiteElo "2045"]
[BlackElo "2200"]
[Result "1/2-1/2"]
[Round "09"]
[TimeControl "180+1"]
[Date "2022.11.09"]
[WhiteClock "0:00:13"]
[BlackClock "0:00:16"]

1. d4 Nf6 2. Bf4 d5 3. e3 e6 4. Nd2 Bd6 5. Bg3 O-O 6. Ngf3 c5 7. c3 Nc6 8. Bd3 Qe7 9. Ne5 Bxe5 10. dxe5 Nd7 11. Nf3 f5 12. exf6 Nxf6 13. Ne5 Bd7 14. Qe2 a6 15. O-O b5 16. e4 Nxe5 17. Bxe5 Bc6 18. exd5 exd5 19. Rfe1 Rae8 20. f4 Ne4 21. Bxe4 dxe4 22. Rad1 Rd8 23. Qe3 Rxd1 24. Rxd1 Rd8 25. Rxd8+ Qxd8 26. h3 Qd5 27. Kh2 g6 28. b4 Kf7 29. bxc5 Qd3 30. Bd4 Qxe3 31. Bxe3 Ke6 32. g4 Kd5 33. Bd4 Kc4 34. Kg2 Kd3 35. Kf2 Bd7 36. a3 a5 37. Ke1 a4 38. Kf2 Kd2 39. c6 Bxc6 40. f5 gxf5 41. gxf5 Bd7 42. f6 Be6 43. h4 Bf7 44. Bc5 Be6 45. Bd4 Bf7 46. Bb6 h5 47. Ba7 Kxc3 48. Ke3 b4 49. Bd4+ Kc4 50. axb4 Kxb4 51. Kxe4 Kc4 52. Be5 a3 53. Kf5 Kd5 54. Ba1 a2 55. Kg5 Ke6 56. Kh6 Kf5 57. Kg7 Ke6 58. Bb2 Be8 59. Bc3 Bf7 60. Ba1 Be8 61. Kf8 Bf7 62. Bd4 Bg6 63. Kg7 Be8 64. Kh6 Kd5 65. Bb2 Bf7 66. Kg5 Ke6 67. Kf4 Kd5 68. Kf5 Kd6 69. Ba3+ Kd5 70. Bb2 Be8 71. Ba1 Bf7 72. Kf4 Ke6 73. Ke4 Bg6+ 74. Kf4 Kf7 75. Kg5 Bb1 76. Bb2 Bg6 77. Ba1 Bb1 78. Kxh5 Bc2 79. Kg5 Bb1 80. h5 Bc2 81. Kf4 Bb1 82. Bb2 Bc2 83. Ke3 Bb1 84. Kd2 Bf5 85. Ke3 Bg4 86. h6 Bf5 87. Kf4 Bb1 88. Ba1 Bc2 89. Ke5 Bb1 90. Kd6 Bc2 91. Kc5 Bb1 92. Kd6 Bh7 93. Kd5 Kg6 94. Kd6 Bg8 95. Ke7 Kxh6 96. Kf8 Bb3 97. Ke7 Kg6 98. Bb2 Bf7 99. Ba1 Bb3 100. Bd4 Bf7 101. Kd6 Bb3 102. Kc5 Bf7 103. Kb4 Kf5 104. Ka3 Ke4 105. Ba1 Kd3 106. Kb2 Kd2 107. Ka3 Kc2 108. Be5 Kb1 109. Kb4 Bg6 110. Kc5 Bf7 111. Kd6 Bh5 112. Ke7 Bg6 113. Kd8 Bf7 114. Kc7 Bh5 115. Kc6 Kc2 116. Kd5 Kd3 117. Ke6 Ke4 118. Ba1 Kd3 119. Ke7 Kc2 120. Kf8 Kb1 121. Be5 Bg6 122. Kg7 Be8 123. Kh6 a1=Q 124. Bxa1 Kxa1 125. Kg7 Bh5 126. Kh6 Be8 127. Kg7 Bh5 128. Kf8 Kb2 129. Ke7 Kc3 130. Ke6 Kd4 131. f7 Bxf7+ 1/2-1/2


[Site "https://www.chess.com"]

[Event "Titled Tuesday Blitz November 08 Early 2022"]
[White "Jaskolka, Tomasz"]
[Black "Gurevich, Dmitry"]
[WhiteFideId "1170791"]
[BlackFideId "2000407"]
[WhiteElo "2126"]
[BlackElo "2506"]
[Result "0-1"]
[Round "09"]
[TimeControl "180+1"]
[Date "2022.11.09"]
[WhiteClock "0:00:31"]
[BlackClock "0:01:02"]

1. d4 Nf6 2. Bf4 c5 3. d5 b5 4. a4 b4 5. c4 d6 6. Nd2 g6 7. e4 Bg7 8. Bd3 Nbd7 9. Ngf3 Nh5 10. Bg5 h6 11. Be3 Bxb2 12. O-O Bg7 13. Nb3 O-O 14. Qd2 Kh7 15. g4 Nhf6 16. g5 hxg5 17. Nxg5+ Kg8 18. Qe2 Ne5 19. Bc2 Nh5 20. Nd2 Ng4 21. Rab1 Nxe3 22. Qxe3 Bd4 23. Qf3 e5 24. Nh3 Bxh3 25. Qxh3 Qg5+ 26. Kh1 Qxd2 27. Bd1 Nf4 28. Qg4 Kg7 29. Rb3 Rh8 30. Rg3 Rh6 31. Bf3 Rah8 32. h3 Rxh3+ 33. Rxh3 Rxh3+ 34. Kg1 Rh6 35. Qd7 Nh3+ 36. Kg2 Nxf2 37. Kg3 Qf4+ 38. Kg2 Qh2# 0-1


[Site "https://www.chess.com"]

[Event "Titled Tuesday Blitz November 08 Early 2022"]
[White "Jean Louis, Marckens"]
[Black "Gritsenko, Nikolai"]
[WhiteFideId "11900270"]
[BlackFideId "14112493"]
[WhiteElo "2030"]
[BlackElo "2389"]
[Result "0-1"]
[Round "09"]
[TimeControl "180+1"]
[Date "2022.11.09"]
[WhiteClock "0:01:46"]
[BlackClock "0:00:19"]

1. d4 d5 2. Nf3 Nc6 3. g3 Bg4 4. Bg2 Qd7 5. O-O Bh3 6. Bf4 Bxg2 7. Kxg2 e6 8. Nbd2 Bd6 9. Bxd6 cxd6 10. c3 Nf6 11. Re1 O-O 12. e4 dxe4 13. Nxe4 Nxe4 14. Rxe4 d5 15. Re3 b5 16. Ne5 Nxe5 17. Rxe5 a5 18. f4 g6 19. g4 b4 20. f5 exf5 21. gxf5 bxc3 22. bxc3 Rfe8 23. fxg6 hxg6 24. Rxe8+ Rxe8 25. Qf3 Re4 26. Rf1 Qe6 27. h3 Re3 28. Qf4 Qxh3+ 29. Kf2 Re4 30. Qf3 Qh2+ 31. Qg2 Re2+ 32. Kxe2 Qxg2+ 33. Rf2 Qe4+ 34. Kd2 f5 35. Re2 Qb1 36. Ke3 g5 37. Rf2 f4+ 38. Kf3 Qf5 39. Rg2 Qe4+ 40. Kf2 Qe3+ 41. Kf1 f3 42. Rb2 g4 0-1


[Site "https://www.chess.com"]

[Event "Titled Tuesday Blitz November 08 Early 2022"]
[White "Jeet, Jain"]
[Black "Devaev, Alexander"]
[WhiteFideId "5073022"]
[BlackFideId "4169395"]
[WhiteElo "2067"]
[BlackElo "2225"]
[Result "1-0"]
[Round "09"]
[TimeControl "180+1"]
[Date "2022.11.09"]
[WhiteClock "0:01:31"]
[BlackClock "0:00:21"]

1. Nf3 Nf6 2. b3 c5 3. Bb2 Nc6 4. g3 d5 5. Bg2 Qc7 6. d4 cxd4 7. Nxd4 e6 8. O-O Bd7 9. e3 Be7 10. Nd2 O-O 11. Rc1 Rac8 12. c4 Nxd4 13. Bxd4 Qb8 14. cxd5 Nxd5 15. Qg4 Nf6 16. Qf4 Bd6 17. Qg5 h6 18. Qh4 Be5 19. Bxe5 Qxe5 20. Bxb7 Rxc1 21. Rxc1 Qb2 22. Rd1 Qxa2 23. Qc4 Qa5 24. Nf3 Qb6 25. Qa6 Rb8 26. Qxb6 axb6 27. Ba6 Ra8 28. Bc4 Bc6 29. Ne5 Bf3 30. Nxf3 1-0


[Site "https://www.chess.com"]

[Event "Titled Tuesday Blitz November 08 Early 2022"]
[White "Jegorovas, Aleksandras"]
[Black "Gabrielian, Artur"]
[WhiteFideId "12801950"]
[BlackFideId "4131002"]
[WhiteElo "2247"]
[BlackElo "2432"]
[Result "1/2-1/2"]
[Round "09"]
[TimeControl "180+1"]
[Date "2022.11.09"]
[WhiteClock "0:00:17"]
[BlackClock "0:00:04"]

1. Nf3 Nf6 2. c4 g6 3. Nc3 Bg7 4. e4 O-O 5. d4 d6 6. Be2 e5 7. O-O h6 8. Re1 Nbd7 9. Bf1 Nh7 10. b3 Ng5 11. Nxg5 hxg5 12. dxe5 Nxe5 13. Bb2 c6 14. Qd2 Qe7 15. Rad1 Rd8 16. Ba3 Bg4 17. Be2 Bxe2 18. Nxe2 g4 19. Qf4 a5 20. Bb2 a4 21. Bxe5 Bxe5 22. Qxg4 axb3 23. axb3 Ra3 24. Rd3 Rda8 25. Ng3 Ra1 26. Rdd1 Rxd1 27. Rxd1 Ra3 28. Qf3 Qg5 29. Ne2 Qf6 30. Qxf6 Bxf6 31. Rb1 Ra2 32. Kf1 Kf8 33. g3 Ke7 34. f4 c5 35. Kf2 b6 36. Ke3 Bg7 37. h4 Bf6 38. Rd1 Ra3 39. Rd3 Ra1 40. Nc3 Bd4+ 41. Kf3 Rf1+ 42. Kg4 Ke6 43. Nd5 Re1 44. Kf3 Rf1+ 45. Kg4 Re1 46. Nxb6 Rxe4 47. Nd5 Re2 48. Kf3 Rf2+ 49. Kg4 Re2 50. h5 gxh5+ 51. Kxh5 Kf5 52. g4+ Ke4 53. Rh3 Ra2 54. Kg5 Ra8 55. Nf6+ Bxf6+ 56. Kxf6 Kxf4 57. Kxf7 Kxg4 58. Rd3 Rb8 59. Rxd6 Rxb3 60. Ke6 Rc3 61. Kd5 Kf5 62. Kxc5 Ke5 63. Rd1 Rc2 64. Re1+ Kf6 65. Kd5 Rd2+ 66. Kc6 Rc2 67. c5 Kf7 68. Kd6 Rd2+ 69. Kc7 Rc2 70. c6 Ra2 71. Kd7 Rd2+ 72. Kc8 Rc2 73. c7 Kf6 74. Rd1 Ke7 75. Re1+ Kf6 76. Kd8 Rd2+ 77. Ke8 Rc2 78. Kd7 Rd2+ 79. Kc6 Rc2+ 80. Kb7 Rb2+ 81. Kc8 Rc2 1/2-1/2


[Site "https://www.chess.com"]

[Event "Titled Tuesday Blitz November 08 Early 2022"]
[White "Jiang, Andrew"]
[Black "Goryachkina, Aleksandra"]
[WhiteFideId "30953510"]
[BlackFideId "4147103"]
[WhiteElo "2265"]
[BlackElo "2661"]
[Result "0-1"]
[Round "09"]
[TimeControl "180+1"]
[Date "2022.11.09"]
[WhiteClock "0:00:04"]
[BlackClock "0:00:05"]

1. e4 c5 2. Nf3 e6 3. c3 d5 4. e5 Nc6 5. d4 Nge7 6. a3 Bd7 7. Be2 Nf5 8. b4 cxd4 9. cxd4 Qb6 10. Bb2 Be7 11. Nbd2 Ncxd4 12. Nxd4 Nxd4 13. Bd3 O-O 14. O-O Rac8 15. Qg4 Nf5 16. Nf3 Bb5 17. Bxf5 exf5 18. Qxf5 Bxf1 19. Rxf1 a5 20. Nd4 axb4 21. Qg4 Qg6 22. Qd7 bxa3 23. Ba1 Bc5 24. f4 Qb6 25. Rd1 Qb3 26. Qg4 a2 27. f5 Bxd4+ 28. Bxd4 Rc4 29. f6 g6 30. Rf1 Qb1 31. Qg5 Kh8 32. Qh6 Rg8 33. e6 Rxd4 34. exf7 Qxf1+ 35. Kxf1 a1=Q+ 36. Kf2 Qb2+ 37. Kg3 Qc3+ 38. Kf2 Rd2+ 39. Ke1 Qc1# 0-1


[Site "https://www.chess.com"]

[Event "Titled Tuesday Blitz November 08 Early 2022"]
[White "Johnson, Ben"]
[Black "Brown, Andrew"]
[WhiteFideId "2010917"]
[BlackFideId "3206513"]
[WhiteElo "2140"]
[BlackElo "2245"]
[Result "0-1"]
[Round "09"]
[TimeControl "180+1"]
[Date "2022.11.09"]
[WhiteClock "0:00:06"]
[BlackClock "0:00:06"]

1. Nf3 g6 2. e4 Bg7 3. d4 c6 4. Nc3 d5 5. e5 h5 6. Bd3 Nh6 7. Bg5 Bf5 8. O-O Nd7 9. Re1 Nf8 10. Nh4 Bxd3 11. Qxd3 Ne6 12. Bd2 Qb6 13. Ne2 Qb5 14. Qg3 Qxb2 15. Rec1 Qb5 16. Rab1 Qxe2 17. Bb4 Qg4 18. Qxg4 hxg4 19. Bc3 b5 20. a4 a6 21. g3 g5 22. Ng2 Nf5 23. Rd1 Kd7 24. Bb2 b4 25. c3 a5 26. Rdc1 Rhb8 27. c4 dxc4 28. Rxc4 Rb6 29. Rbc1 Rab8 30. Ne1 Nc7 31. Nd3 Nd5 32. Nc5+ Ke8 33. Nb3 e6 34. Nxa5 Nfe7 35. Nxc6 Nxc6 36. Rxc6 Rxc6 37. Rxc6 Ra8 0-1


[Site "https://www.chess.com"]

[Event "Titled Tuesday Blitz November 08 Early 2022"]
[White "Kaasen, Tor Fredrik"]
[Black "Arabidze, Meri"]
[WhiteFideId "1516647"]
[BlackFideId "13604040"]
[WhiteElo "2801"]
[BlackElo "2622"]
[Result "0-1"]
[Round "09"]
[TimeControl "180+1"]
[Date "2022.11.09"]
[WhiteClock "0:01:02"]
[BlackClock "0:00:40"]

1. d4 f5 2. c4 e6 3. Nf3 Nf6 4. g3 b6 5. Bg2 Bb4+ 6. Bd2 Bxd2+ 7. Qxd2 Bb7 8. O-O O-O 9. Rd1 Qe7 10. Nc3 Ne4 11. Qc2 Nxc3 12. Qxc3 Be4 13. d5 Na6 14. dxe6 dxe6 15. Ne5 Bxg2 16. Kxg2 Nc5 17. f3 a5 18. Rd2 Qf6 19. Rad1 f4 20. Qc2 Qxe5 21. b3 Qf6 22. a3 Rad8 23. b4 axb4 24. axb4 Rxd2 25. Qxd2 Nb7 26. Qd7 Qf7 27. Qc6 Nd6 28. c5 bxc5 29. bxc5 Nf5 30. Rd7 Qg6 31. g4 Ne3+ 32. Kf2 Qb1 0-1


[Site "https://www.chess.com"]

[Event "Titled Tuesday Blitz November 08 Early 2022"]
[White "Kamsky, Gata"]
[Black "Harsh Suresh"]
[WhiteFideId "2000024"]
[BlackFideId "45018464"]
[WhiteElo "2666"]
[BlackElo "2227"]
[Result "1-0"]
[Round "09"]
[TimeControl "180+1"]
[Date "2022.11.08"]
[WhiteClock "0:00:58"]
[BlackClock "0:00:04"]

1. d4 g6 2. Nf3 Bg7 3. c3 d6 4. e4 Nf6 5. Bd3 O-O 6. O-O Nc6 7. h3 e5 8. Re1 h6 9. a4 Re8 10. d5 Ne7 11. c4 Nh5 12. a5 Nf4 13. Bc2 g5 14. Nh2 Neg6 15. g3 Nxh3+ 16. Kg2 Qf6 17. Qf3 Qxf3+ 18. Nxf3 g4 19. Ng1 Nxg1 20. Rxg1 h5 21. Nc3 a6 22. Rh1 h4 23. gxh4 Nf4+ 24. Kg3 Nh5+ 25. Kg2 Nf4+ 26. Kf1 Bf6 27. Ne2 Nxe2 28. Kxe2 Kg7 29. Be3 Rh8 30. h5 Bd7 31. Rag1 Rag8 32. h6+ Kh7 33. Rh5 Rg6 34. Kd3 Rhg8 35. Bd1 Bg5 36. b4 Bxe3 37. Kxe3 Rxh6 38. Rxh6+ Kxh6 39. f4 exf4+ 40. Kxf4 Rg5 41. Bxg4 Rxg4+ 42. Rxg4 Bxg4 43. Kxg4 Kg6 44. c5 Kf6 45. Kf4 Ke7 46. Kf5 dxc5 47. bxc5 Kd7 48. e5 b6 49. cxb6 cxb6 50. axb6 a5 51. e6+ fxe6+ 52. dxe6+ Kc6 53. e7 Kxb6 54. e8=Q 1-0


[Site "https://www.chess.com"]

[Event "Titled Tuesday Blitz November 08 Early 2022"]
[White "Khaliun, Batnasan"]
[Black "Manon-og, Ramon Jr."]
[WhiteFideId "4906276"]
[BlackFideId "5200776"]
[WhiteElo "1752"]
[BlackElo "2239"]
[Result "0-1"]
[Round "09"]
[TimeControl "180+1"]
[Date "2022.11.09"]
[WhiteClock "0:01:06"]
[BlackClock "0:02:16"]

1. d4 Nf6 2. c4 g6 3. g3 d5 4. Nf3 Bg7 5. Bg2 O-O 6. O-O c6 7. Nc3 dxc4 8. Ne5 Be6 9. e3 Nbd7 10. Nf3 b5 11. Ng5 Bd5 12. e4 Be6 13. Nxe6 fxe6 14. d5 Nc5 15. dxc6 a6 16. Be3 Nd3 17. Qc2 Qc7 18. e5 Ng4 19. f4 Nxe3 20. Qe2 Nxf1 21. Rxf1 Rad8 22. Qg4 Qb6+ 23. Kh1 Nf2+ 24. Rxf2 Qxf2 25. Qxe6+ Kh8 26. h3 Qxg3 27. Nd5 Rxd5 28. Qxd5 Qxf4 0-1


[Site "https://www.chess.com"]

[Event "Titled Tuesday Blitz November 08 Early 2022"]
[White "Kim, Sergey"]
[Black "Chernov, Mikhail"]
[WhiteFideId "13700570"]
[BlackFideId "24143170"]
[WhiteElo "2588"]
[BlackElo "2113"]
[Result "1-0"]
[Round "09"]
[TimeControl "180+1"]
[Date "2022.11.09"]
[WhiteClock "0:02:07"]
[BlackClock "0:02:00"]

1. d4 d5 2. c4 c6 3. Nf3 Nf6 4. Qc2 dxc4 5. Qxc4 b5 6. Qc2 Bb7 7. e3 Nbd7 8. Bd3 e6 9. O-O Be7 10. a4 a6 11. Nbd2 O-O 12. b3 Rc8 13. Bb2 c5 14. Qb1 Qb6 15. Rc1 Rfd8 16. axb5 axb5 17. Ne4 h6 18. dxc5 Nxc5 19. Nxf6+ Bxf6 20. Bxf6 Nxd3 21. Bxd8 Rxc1+ 22. Qxc1 Nxc1 23. Bxb6 1-0


[Site "https://www.chess.com"]

[Event "Titled Tuesday Blitz November 08 Early 2022"]
[White "Korelskiy, Egor"]
[Black "Valle Maytin, Luis Enrique"]
[WhiteFideId "34329064"]
[BlackFideId "3503666"]
[WhiteElo "2043"]
[BlackElo "2225"]
[Result "0-1"]
[Round "09"]
[TimeControl "180+1"]
[Date "2022.11.09"]
[WhiteClock "0:00:02"]
[BlackClock "0:00:25"]

1. e4 c6 2. Nc3 d5 3. Nf3 Bg4 4. h3 Bxf3 5. Qxf3 e6 6. d3 Nf6 7. Bd2 Be7 8. O-O-O d4 9. Ne2 e5 10. g4 h6 11. Qg3 g5 12. Qxe5 c5 13. Bg2 Nc6 14. Qg3 Bd6 15. f4 gxf4 16. Bxf4 Bxf4+ 17. Qxf4 Qe7 18. Ng3 Ne5 19. Nf5 Qc7 20. Kb1 O-O-O 21. Rhf1 Nfd7 22. Nxh6 Kb8 23. Nf5 c4 24. dxc4 Qxc4 25. Rxd4 Qb5 26. Rfd1 Ka8 27. Nd6 Qc6 28. Nxf7 Nxf7 29. Qxf7 Rc8 30. c3 Ne5 31. Qd5 Qf6 32. Rf1 Qg7 33. Rdd1 Nc4 34. Qd3 Qg5 35. Rfe1 Qb5 36. Qe2 Rh6 37. Ka1 Rb6 38. b3 Qa5 39. Rc1 Rxb3 40. Bf1 Rb2 41. Qxc4 Rxc4 42. Bxc4 Qa3 43. e5 b5 44. Bd5+ Kb8 45. e6 Re2 46. Rb1 Rxe1 0-1


[Site "https://www.chess.com"]

[Event "Titled Tuesday Blitz November 08 Early 2022"]
[White "Koridze, Lile"]
[Black "Parpiev, Isaak"]
[WhiteFideId "13612514"]
[BlackFideId "34281576"]
[WhiteElo "2050"]
[BlackElo "2094"]
[Result "0-1"]
[Round "09"]
[TimeControl "180+1"]
[Date "2022.11.09"]
[WhiteClock "0:01:31"]
[BlackClock "0:01:01"]

1. d4 Nf6 2. c4 g6 3. Nc3 Bg7 4. e4 O-O 5. Nf3 c5 6. d5 d6 7. Be2 Bg4 8. O-O Na6 9. h3 Bxf3 10. Bxf3 Nc7 11. Bf4 Nd7 12. Rc1 a6 13. a3 b5 14. b3 Rb8 15. cxb5 axb5 16. Qd3 b4 17. axb4 Rxb4 18. Na2 Rb6 19. Be3 Ne5 20. Qd1 Nxf3+ 21. gxf3 Qd7 22. b4 Ra6 23. Qe2 Rfa8 24. Rc2 Qxh3 25. bxc5 dxc5 26. f4 Bd4 27. Bxd4 cxd4 28. Nb4 Ra4 29. Rxc7 Rxb4 30. Rxe7 Qh4 31. d6 Qxf4 32. e5 Qg5+ 33. Kh2 d3 34. Qxd3 Rh4+ 35. Qh3 Rxh3+ 36. Kxh3 Ra3+ 0-1


[Site "https://www.chess.com"]

[Event "Titled Tuesday Blitz November 08 Early 2022"]
[White "Kosteniuk, Alexandra"]
[Black "Durarbayli, Vasif"]
[WhiteFideId "4128125"]
[BlackFideId "13402935"]
[WhiteElo "2469"]
[BlackElo "2586"]
[Result "0-1"]
[Round "09"]
[TimeControl "180+1"]
[Date "2022.11.08"]
[WhiteClock "0:00:55"]
[BlackClock "0:00:22"]

1. e4 c5 2. c3 Nf6 3. e5 Nd5 4. Nf3 Nc6 5. Bc4 Nb6 6. Bb3 d5 7. exd6 c4 8. Bc2 Qxd6 9. O-O g6 10. Na3 Bg7 11. b3 Be6 12. bxc4 Nxc4 13. Nxc4 Bxc4 14. d3 Bxc3 15. Rb1 Bxa2 16. Rxb7 O-O 17. Ng5 Bg7 18. Qg4 Nd4 19. Ba4 Qa6 20. Rb4 Rad8 21. Re1 Qxd3 22. Bb2 Qd2 0-1


[Site "https://www.chess.com"]

[Event "Titled Tuesday Blitz November 08 Early 2022"]
[White "Kowalczyk, Pawel"]
[Black "Jones, Gawain C B"]
[WhiteFideId "1130641"]
[BlackFideId "409561"]
[WhiteElo "2324"]
[BlackElo "2657"]
[Result "0-1"]
[Round "09"]
[TimeControl "180+1"]
[Date "2022.11.08"]
[WhiteClock "0:00:06"]
[BlackClock "0:01:02"]

1. e4 c6 2. Nc3 d5 3. Nf3 Bg4 4. h3 Bxf3 5. gxf3 Nf6 6. d4 e6 7. h4 Bb4 8. e5 Nfd7 9. h5 c5 10. a3 Ba5 11. f4 Nc6 12. dxc5 Bxc3+ 13. bxc3 Nxc5 14. a4 Ne4 15. Bd3 Qa5 16. Kf1 Qxc3 17. Ra3 Qc5 18. Qe2 Nd4 19. Qe3 Nf5 20. Qxc5 Nxc5 21. Bxf5 exf5 22. Ke2 O-O-O 23. Rc3 b6 24. Ba3 d4 25. Rc4 Rd5 26. Rb1 Kc7 27. a5 Kc6 28. Rcb4 d3+ 29. cxd3 Rxd3 30. Bc1 bxa5 31. Rb8 Rxb8 32. Rxb8 Rd7 33. Ba3 Ne6 34. Ke3 Rb7 35. Rc8+ Kd5 36. Rc3 a4 37. Rd3+ Kc4 38. Kd2 Rb3 39. Rd7 Rxa3 40. Rxf7 Rd3+ 41. Kc2 Nd4+ 42. Kb2 a3+ 43. Ka2 Rd2+ 44. Ka1 Nb3+ 45. Kb1 a2# 0-1


[Site "https://www.chess.com"]